 Dungeon Crawl Stone Soup version 0.19.5 (webtiles) character file.

547 genrtul the Sneak (level 7, -1/48 HPs)
             Began as a Vampire Enchanter on Mar 17, 2017.
             Was an Initiate of Dithmenos.
             Slain by a hippogriff (11 damage)
             ... on level 6 of the Dungeon.
             The game lasted 00:24:31 (3746 turns).

genrtul the Sneak (Vampire Enchanter)               Turns: 3746, Time: 00:24:32

Health: -1/48      AC:  0    Str:  7    XL:     7   Next: 7%
Magic:  9/11       EV: 22    Int: 18    God:    Dithmenos [......]
Gold:   37         SH:  0    Dex: 21    Spells: 4 memorised, 3 levels left

rFire  . . .     SeeInvis +     (weapon currently unavailable)
rCold  . . .     Gourm    .     (armour currently unavailable)
rNeg   + . .     Faith    .     (shield currently unavailable)
rPois  .         Spirit   .     (helmet currently unavailable)
rElec  .         Reflect  .     (cloak currently unavailable)
rCorr  .         Harm     .     (gloves currently unavailable)
MR     .....                    (boots currently unavailable)
Stlth  ++++++....               (no amulet)
                                (ring currently unavailable)
                                (ring currently unavailable)

@: bat-form, flying, very quick
A: fangs 3, see invisible, (unbreathing)
a: End Transformation, Renounce Religion


You were on level 6 of the Dungeon.
You worshipped Dithmenos.
Dithmenos was noncommittal.
You were not thirsty.
You were in vampire-bat-form.
You visited 1 branch of the dungeon, and saw 6 of its levels.

You collected 317 gold pieces.
You spent 280 gold pieces at shops.

Inventory:

Hand Weapons
 a - a +1 dagger (melded)
 w - a +0 blowgun
Armour
 b - a +1 robe (melded)
 k - a +0 cloak of magic resistance (melded)
 m - a +2 cloak
 B - a +1 helmet of see invisible (melded)
Jewellery
 e - a ring of magical power (melded)
 i - a +3 ring of intelligence (melded)
 v - an uncursed amulet of guardian spirit
Scrolls
 f - 4 scrolls of identify
 g - a scroll of fog {unknown}
 j - 2 scrolls of remove curse {unknown}
 p - 2 scrolls of noise {unknown}
 q - 3 scrolls of random uselessness {unknown}
 r - 2 scrolls of enchant armour {unknown}
 t - a scroll of blinking {unknown}
 u - a scroll of teleportation {unknown}
 y - a scroll of magic mapping {unknown}
 z - a scroll of amnesia {unknown}
 A - a scroll of enchant weapon {unknown}
 C - a scroll of immolation {unknown}
Potions
 d - 5 potions of blood
 h - 3 potions of curing {unknown}
 l - 2 potions of cancellation {unknown}
 n - a potion of flight {unknown}
 o - 2 potions of might {unknown}
 s - a potion of heal wounds {unknown}
 x - 2 potions of haste {unknown}
Books
 c - a book of Maledictions

   Spells                             Type                      Level
   a - Corona                         Hexes                        1
   b - Ensorcelled Hibernation        Hexes/Ice                    2
   c - Confuse                        Hexes                        3
   d - Tukima's Dance                 Hexes                        3
   e - Dazzling Spray                 Conjuration/Hexes            3
 D - a book of Misfortune

   Spells                             Type                      Level
   a - Confusing Touch                Hexes                        1
   b - Confuse                        Hexes                        3
   c - Gell's Gravitas                Hexes/Translocation          3
   d - Petrify                        Transmutation/Earth          4
   e - Metabolic Englaciation         Hexes/Ice                    5
   f - Yara's Violent Unravelling     Hexes/Transmutation          5


   Skills:
 + Level 1.2 Fighting
 + Level 3.3 Short Blades
 + Level 3.2 Dodging
 + Level 7.3 Stealth
 + Level 3.0 Spellcasting
 + Level 6.7 Hexes
 + Level 1.9 Ice Magic


You had 3 spell levels left.
You knew the following spells:

 Your Spells              Type           Power        Failure   Level  Hunger
a - Corona                Hex            ####...      1%          1    None
b - Ensorcelled Hibernat  Hex/Ice        ###...       4%          2    ##.....
c - Tukima's Dance        Hex            ####....     3%          3    ###....
d - Gell's Gravitas       Hex/Tloc       ##........   14%         3    ###....


Dungeon Overview and Level Annotations

Branches:
Dungeon (6/15)
 Temple: D:4-7

Altars:
Dithmenos
Fedhas
Makhleb
Ru

Shops:
D:5 ?=%[

Annotations:
D:3 genrtul's ghost, amateur TeAE


Innate Abilities, Weirdness & Mutations

You have razor-sharp teeth.
You have supernaturally acute eyesight. (SInv)
((You can survive without breathing.))


Message History

Casting: Ensorcelled Hibernation
Confirm with . or Enter, or press ? or * to list all spells.
Aiming: Ensorcelled Hibernation
Press: ? - help, Shift-Dir - straight line, f - you
Okay, then.
You fail to use your ability.
The hippogriff misses you. The hippogriff pecks you.
* * * LOW HITPOINT WARNING * * *
The hippogriff misses you.
You turn into a vampire bat.
Your +1 dagger melds into your body.
Your +0 cloak of magic resistance melds into your body.
Your +1 helmet of see invisible melds into your body.
Your +1 robe melds into your body.
Your ring of magical power melds into your body.
Your +3 ring of intelligence melds into your body.
You feel less resistant to hostile enchantments.
You feel your magic capacity decrease.
You feel stupid. The hippogriff bites you!
You die...

### ..# #.# ###.#
#######...#
.......b..### ##
####..H.....#
#########.
#.###..#.#
#....(.#.. #
#..#.# #.####.#..
#. #..#.###.#
#.'(ยง #.
#........# ###(.
####.####.#.#####
#.. ..........#.#
#..
.####o.#Z###.#
##.


You could see a hippogriff.

Vanquished Creatures
  2 centaurs
  A howler monkey (D:5)
  A hound (D:5)
  An orc priest (D:2)
  2 orc wizards (D:3)
  Ijyb (D:3)
  3 worker ants
  A worker ant zombie (D:5)
  6 adders
  A worm (D:2)
  A dart slug (D:1)
  3 leopard geckos
  8 orcs
  6 bats
  2 giant cockroaches (D:3)
  2 goblins (D:3)
  5 hobgoblins
  6 jackals (D:5)
  A quokka (D:3)
  A ball python (D:4)
  2 frilled lizards
  A jackal skeleton (D:5)
  4 kobolds
  7 rats
68 creatures vanquished.

Notes
Turn   | Place    | Note
-------+----------+-------------------------------------------
     0 | D:1      | genrtul the Vampire Enchanter began the quest for the Orb.
     0 | D:1      | Reached XP level 1. HP: 13/13 MP: 3/3
   495 | D:1      | Reached skill level 5 in Hexes
   495 | D:1      | Reached XP level 2. HP: 19/19 MP: 5/5
   500 | D:1      | Learned a level 2 spell: Ensorcelled Hibernation
  1047 | D:2      | Reached XP level 3. HP: 24/24 MP: 0/6
  1426 | D:2      | Found a sacrificial altar of Ru.
  1449 | D:2      | Reached skill level 5 in Stealth
  1449 | D:2      | Reached XP level 4. HP: 24/31 MP: 2/7
  1718 | D:3      | Noticed Ijyb
  1729 | D:3      | Killed Ijyb
  1729 | D:3      | Reached XP level 5. HP: 36/36 MP: 5/8
  1766 | D:3      | Reached skill level 6 in Stealth
  1773 | D:3      | Reached skill level 1 in Fighting
  1996 | D:3      | Found a burning altar of Makhleb.
  1999 | D:3      | Noticed genrtul's ghost (amateur TeAE)
  2147 | D:3      | Found a blossoming altar of Fedhas.
  2306 | D:4      | Reached skill level 1 in Ice Magic
  2432 | D:4      | Found a shadowy altar of Dithmenos.
  2455 | D:4      | Became a worshipper of Dithmenos the Shadowed
  2504 | D:4      | Noticed a phantom
  2953 | D:5      | Entered Level 5 of the Dungeon
  2953 | D:5      | Found Kappuceup's Magic Scroll Shop.
  3020 | D:5      | Found Moduqohu's Armour Shoppe.
  3029 | D:5      | Bought a +0 cloak of magic resistance for 115 gold pieces
  3029 | D:5      | Bought a +1 helmet of see invisible for 165 gold pieces
  3050 | D:5      | Reached XP level 6. HP: 43/43 MP: 9/9
  3055 | D:5      | Learned a level 3 spell: Tukima's Dance
  3258 | D:5      | Found Doxeynuk's Jewellery Shop.
  3313 | D:5      | Found Lovixev's Food Shop.
  3321 | D:5      | Reached skill level 7 in Stealth
  3671 | D:6      | Learned a level 3 spell: Gell's Gravitas
  3692 | D:6      | Noticed a hippogriff
  3714 | D:6      | Reached XP level 7. HP: 34/48 MP: 11/11
  3746 | D:6      | Slain by a hippogriff

Skill      XL: |  1  2  3  4  5  6 |
---------------+-------------------+-----
Hexes          | 5 6 |  6.7
Stealth        | 5 6 7 |  7.3
Short Blades   | 2 3 |  3.3
Fighting       | 1 |  1.2
Ice Magic      | 1 |  1.9
Dodging        | 3 |  3.2
Spellcasting   | 3 |  3.0

Action                   |  1- 3 |  4- 6 |  7- 9 || total
-------------------------+-------+-------+-------++-------
Melee: Dagger            |    73 |   155 |     4 ||   232
       Bite              |     7 |    14 |     1 ||    22
 Cast: Ensorcelled Hiber |     8 |    30 |     2 ||    40
 Abil: Bat Form          |       |       |     1 ||     1
  Use: Potion            |     2 |       |       ||     2
       Scroll            |       |     4 |       ||     4
 Stab: Sleeping          |    10 |    29 |     1 ||    40
  Eat: Corpse            |       |     8 |       ||     8
Armor: Robe              |    10 |    34 |     2 ||    46
Dodge: Dodged            |    40 |    70 |    11 ||   121
